 Dungeon Crawl Stone Soup version 0.28.0 (webtiles) character file.

Game seed: 4832220231508411856

413 croobank the Skirmisher (level 6, -2/56 HPs)
             Began as a Hill Orc Fighter on Feb 12, 2022.
             Was an Initiate of Qazlal.
             Slain by an ogre (18 damage)
             ... on level 4 of the Dungeon.
             The game lasted 00:16:42 (2906 turns).

croobank the Skirmisher (Hill Orc Fighter)          Turns: 2906, Time: 00:16:43

Health: -2/56      AC:  9    Str: 21    XL:     6   Next: 91%
Magic:  6/6        EV:  7    Int:  8    God:    Qazlal [......]
Gold:   46         SH:  5    Dex: 10    Spells: 5/5 levels left

rFire   . . .      SeeInvis .   a - +0 war axe
rCold   . . .      Faith    .   c - +0 buckler
rNeg    . . .      Spirit   .   o - +0 chain mail
rPois   .          Reflect  .   (no helmet)
rElec   .          Harm     .   (no cloak)
rCorr   +          Rampage  .   (no gloves)
Will    .....                   (no boots)
Stlth   ..........              q - amulet of regeneration
HPRegen 0.98/turn               e - ring of resist corrosion
MPRegen 0.10/turn               (no ring)

@: invisible
A: no striking features
a: Renounce Religion


You were on level 4 of the Dungeon.
You worshipped Qazlal.
Qazlal was noncommittal.
You visited 1 branch of the dungeon, and saw 4 of its levels.

You collected 111 gold pieces.
You spent 65 gold pieces at shops.

Inventory:

Hand Weapons
 a - a +0 war axe (weapon)
 b - the +3 sling "Punk" {acid, rCorr}
   (You acquired it on level 1 of the Dungeon)

   Any ammunition fired from it is coated in acid, damaging and corroding those
   it strikes.
   rCorr:     It protects you from acid and corrosion.
 s - a +0 dagger of speed
Missiles
 f - 55 stones (quivered)
 h - 5 poisoned darts
 l - 25 arrows
 m - 13 sling bullets
 r - 50 bolts
Armour
 c - a +0 buckler (worn)
 j - a +0 scale mail
 o - a +0 chain mail (worn)
Jewellery
 e - a ring of resist corrosion (left hand)
 i - a ring of fire
 q - an amulet of regeneration (around neck)
 v - an amulet of magic regeneration
Wands
 d - a wand of digging (1)
Scrolls
 k - a scroll of magic mapping
 u - a scroll of teleportation
 w - a scroll of brand weapon {unknown}
Potions
 g - 2 potions of lignification
 n - 2 potions of haste
 p - a potion of mutation {unknown}


   Skills:
 + Level 5.5 Fighting
 + Level 5.2 Axes
 + Level 4.9 Armour
 + Level 5.0 Shields
 + Level 0.0 Invocations


You had 5 spell levels left.
You didn't know any spells.
Your spell library was empty.

Dungeon Overview and Level Annotations

Branches:
Dungeon (4/15)
 Temple: D:4-7

Altars:
Qazlal
Yredelemnul

Shops:
D:3 ***(?


Message History

Okay, then.
The ogre barely misses you.
You hit the ogre.
The ogre is lightly wounded.
You hit the fungus.
The fungus begins to die.
You hit the fungus.
The fungus begins to die.
The ogre barely misses you.
The adder hisses angrily.
You hit the ogre.
The ogre is lightly wounded.
You hit the fungus but do no damage. You slash the fungus!
The ogre completely misses you.
You hit the ogre.
The ogre is moderately wounded.
You slash the fungus! You hit the fungus.
The ogre hits you with a +0 giant club!!
You barely miss the ogre.
The ogre is moderately wounded.
You slash the fungus! x2; A nearby fungus withers and dies. x2
The ogre barely misses you.
You hit the ogre.
The ogre is moderately wounded.
You barely miss the adder. The adder bites you but does no damage.
The ogre hits you but does no damage. The adder bites you but does no damage.
You hit the ogre.
The ogre is heavily wounded.
You closely miss the adder. The adder bites you but does no damage.
The ogre barely misses you. The adder bites you but does no damage.
You hit the ogre but do no damage.
The ogre is heavily wounded.
You closely miss the adder. The adder bites you.
The ogre hits you with a +0 giant club!!
* * * LOW HITPOINT WARNING * * *
You hit the ogre but do no damage.
The ogre is heavily wounded.
You hit the adder. The adder bites you but does no damage.
The ogre completely misses you. The adder bites you but does no damage.
You fade into invisibility!
The adder closely misses you.
The ogre hits you with a +0 giant club!!
You die...

#.≈.# ..§.#.# #.≈.#.#
##...#.##. ........S
#.P...##.
#.##..####.P......
#.##.......SO#
#.##.#####..@# ...
#...# #.# #...## #.#
#._..## #)## ##.....##
##..## ##.......#
####....####...P.....#
.....#.....'...P.....+
#.........##...P.....#


You could see an ogre and an adder.

Vanquished Creatures
  Grinder (D:4)
  A hound (D:4)
  An iguana (D:3)
  A gnoll (D:2)
  6 adders
  2 worms
  3 dart slugs
  An orc (D:2)
  5 bats
  5 endoplasms
  3 giant cockroaches
  8 goblins
  8 hobgoblins
  3 jackals (D:1)
  4 quokkas
  9 ball pythons
  7 frilled lizards
  6 kobolds
  5 rats
79 creatures vanquished.

Vanquished Creatures (others)
  2 fungi (D:4)
2 creatures vanquished.

Grand Total: 81 creatures vanquished

Notes
Turn   | Place    | Note
-------+----------+-------------------------------------------
     0 | D:1      | croobank the Hill Orc Fighter began the quest for the Orb.
     0 | D:1      | Reached XP level 1. HP: 19/19 MP: 1/1
   193 | D:1      | Found a faded altar of an unknown god.
   290 | D:1      | Reached XP level 2. HP: 27/27 MP: 2/2
   430 | D:1      | Identified a scroll of acquirement
   430 | D:1      | Acquired the +3 sling "Punk" {acid, rCorr}
   430 | D:1      | Found the +3 sling "Punk" {acid, rCorr}
   578 | D:1      | Reached XP level 3. HP: 33/33 MP: 3/3
  1204 | D:2      | Reached XP level 4. HP: 28/40 MP: 4/4
  1745 | D:3      | Found Peuxaqemp's Antique Weapon Shoppe.
  1810 | D:3      | Found Jaegiffi's Magic Scroll Shop.
  1823 | D:3      | Bought a scroll of identify for 26 gold pieces
  1823 | D:3      | Bought a scroll of teleportation for 39 gold pieces
  1980 | D:3      | Found a faded altar of an unknown god.
  1983 | D:3      | Found a basalt altar of Yredelemnul.
  2095 | D:3      | Found Goneud's Assorted Antiques.
  2120 | D:3      | Reached XP level 5. HP: 36/47 MP: 5/5
  2294 | D:3      | Found Efon's Assorted Antiques.
  2436 | D:3      | Found Sergh's Assorted Antiques.
  2677 | D:4      | Noticed Grinder
  2682 | D:4      | Paralysed by Grinder for 2 turns
  2692 | D:4      | Killed Grinder
  2693 | D:4      | Reached skill level 5 in Fighting
  2693 | D:4      | Reached skill level 5 in Axes
  2693 | D:4      | Reached XP level 6. HP: 31/56 MP: 6/6
  2809 | D:4      | Reached skill level 5 in Shields
  2881 | D:4      | Found a stormy altar of Qazlal.
  2889 | D:4      | Became a worshipper of Qazlal Stormbringer
  2906 | D:4      | Slain by an ogre

Illustrated notes

Levels and vault maps discovered:
D:1:      moated_graveyard_arrival, layout_basic,
          ebering_ecumenical_altar_petrified
D:2:      layout_basic, kennysheep_cross_room, minmay_fractal_squares_5
D:3:      layout_basic, nicolae_overflow_ecumenical_swirl, serial_shops, shop,
          shop, nicolae_shop_statue_plus,
          nicolae_shop_competitors_out_of_business, shop
D:4:      layout_loops_corners, mainiacjoe_overflow_boulevard,
          minmay_temple_entry_junction, uniq_grinder

Skill      XL: |  1  2  3  4  5  6 |
---------------+-------------------+-----
Axes           | 3 4 5 |  5.2
Fighting       | 4 5 |  5.5
Shields        | 4 5 |  5.0
Armour         | 4 |  4.9

Action                   |  1- 3 |  4- 6 || total
-------------------------+-------+-------++-------
Melee: War axe           |    57 |   140 ||   197
 Fire: Fustibalus        |    28 |     3 ||    31
  Use: Scroll            |     2 |     4 ||     6
       Potion            |       |     3 ||     3
Armor: Scale mail        |    16 |       ||    16
       Chain mail        |    11 |    78 ||    89
Dodge: Dodged            |    21 |    48 ||    69
Block: Buckler           |    12 |    23 ||    35
